 Dungeon Crawl Stone Soup version 0.29-a0-187-ga23d9638d5 (webtiles) character file.

Game seed: 1439455091667762333

936 dracfodder the Carver (level 8, 0/48 HPs)
             Began as a Gargoyle Berserker on Feb 17, 2022.
             Was a Believer of Trog.
             Slain by Menkaure (8 damage)
             ... on level 4 of the Dungeon on Feb 21, 2022.
             The game lasted 00:14:59 (3557 turns).

dracfodder the Carver (Gargoyle Berserker)          Turns: 3557, Time: 00:14:59

Health: 0/48       AC: 15    Str: 23      XL:     8   Next: 12%
Magic:  8/8        EV: 10    Int:  8      God:    Trog [**....]
Gold:   185        SH:  0    Dex:  8 (9)  Spells: 7/7 levels left

rFire   . . .      SeeInvis .   k - +1 triple sword
rCold   . . .      Faith    .   (shield currently unavailable)
rNeg    + . .      Spirit   .   j - +0 scale mail
rPois   ∞          Reflect  .   (no helmet)
rElec   +          Harm     .   (no cloak)
rCorr   .          Rampage  .   g - +2 pair of gloves
Will    .....                   (no boots)
Stlth   ..........              (no amulet)
HPRegen 0.16/turn               (no ring)
MPRegen 0.11/turn               (no ring)

@: mighty, on berserk cooldown, slowed, very slow
A: sickness immunity, AC +5, negative energy resistance 1, electricity
resistance, torment resistance 1, petrification resistance
a: Renounce Religion, Berserk, Trog's Hand


You were on level 4 of the Dungeon.
You worshipped Trog.
Trog was pleased with you.
You visited 1 branch of the dungeon, and saw 4 of its levels.

You collected 185 gold pieces.

Inventory:

Hand Weapons
 a - a +0 spear
 i - a +0 short sword of holy wrath
 k - a +1 triple sword (weapon)
 o - a +0 hunting sling
Missiles
 c - 2 poisoned darts
 d - 5 boomerangs (quivered)
 h - 76 stones
Armour
 g - a +2 pair of gloves (worn)
 j - a +0 scale mail (worn)
Wands
 b - a wand of digging (6)
 p - a wand of iceblast (3)
 r - a wand of polymorph (7)
Scrolls
 n - a scroll of teleportation
Potions
 e - 2 potions of curing
 f - a potion of resistance
 l - a potion of heal wounds {unknown}
 m - a potion of cancellation {unknown}
 q - a potion of haste {unknown}


   Skills:
 + Level 4.5 Fighting
 + Level 13.8 Long Blades
 + Level 4.1 Polearms
 + Level 0.3 Throwing
 + Level 2.9 Armour
 + Level 2.3 Dodging
 * Level 0.5 Stealth
 + Level 0.1 Unarmed Combat


You had 7 spell levels left.
You didn't know any spells.
Your spell library was empty.

Dungeon Overview and Level Annotations

Branches:
Dungeon (4/15)
 Temple: D:4-7

Altars:
Cheibriados

Annotations:
D:4 1 runed translucent door, Eustachio; Menkaure; SirDiesAlot's ghost, amateur DECj


Innate Abilities, Weirdness & Mutations

You are immune to sickness and miasma.
Your stone body is resilient. (AC +5)
You are immune to poison.
You resist negative energy. (rN+)
You are resistant to electric shocks. (rElec)
You are resistant to unholy torment.
You are immune to petrification.


Message History

The quasit claws you but does no damage. x2
You slice the quasit!!
You kill the quasit!
The quasit disappears in a puff of smoke!
The bat barely misses you. The white imp barely misses you. The bat misses you.
The bat barely misses you. The bat closely misses you.
The white imp gestures at you. The puff of frost hits you.
You feel a strong urge to attack something.
The bat closely misses you. x2
You are no longer berserk.
You are exhausted.
You feel yourself slow down. Menkaure hits you but does no damage.
You slice Eustachio!!
Eustachio is heavily wounded.
The bat hits you but does no damage. The bat closely misses you.
Eustachio closely misses you. Menkaure barely misses you.
Eustachio hits you with a +2 rapier of draining.
You barely miss Eustachio.
Eustachio is heavily wounded.
The bat closely misses you.
The bat barely misses you. x2; Menkaure hits you!
Eustachio barely misses you.
You closely miss Eustachio.
Eustachio is heavily wounded.
The bat closely misses you. The bat hits you but does no damage.
The bat barely misses you. x2; Eustachio hits you but does no damage.
Menkaure hits you! The bat hits you but does no damage.
Eustachio closely misses you.
Menkaure calls on the powers of darkness!
Your body is wracked with pain!
The bat convulses!
Eustachio convulses!
You feel very mighty all of a sudden.
The bat closely misses you. x2; The bat hits you but does no damage.
Eustachio yells, "Perjured traitor, DIE!"
Eustachio casts a spell.
Eustachio blinks!
Menkaure hits you!
* * * LOW HITPOINT WARNING * * *
You barely miss Menkaure. The bat hits you but does no damage.
The bat closely misses you. The bat hits you but does no damage. x2
Menkaure hits you!
You die...

####### #+###.....#
+.........#
#.........#### .)...#
+.....bM...... .....#
##.5§#@.##### .....#
###.##§# .....# #.# ...
[....#########.# #....
.....#.........###@.....
.....#.######....#......
.......#### #....# .....
#...........#)...# .....
#...........#....#


You could see Eustachio, Menkaure and a bat (summoned).

Vanquished Creatures
  Grinder (D:4)
  A phantom (D:3)
  Ijyb (D:4)
  Terence (D:3)
  An orc wizard (D:3)
  Natasha (thrice) (D:2)
  3 gnolls (D:3)
  3 adders
  A howler monkey skeleton (D:4)
  3 dart slugs (D:1)
  3 orcs (D:3)
  7 endoplasms
  6 giant cockroaches (D:1)
  8 goblins
  10 hobgoblins
  3 jackals (D:3)
  3 quokkas
  5 ball pythons
  4 bats
  A frilled lizard (D:3)
  4 kobolds
  4 rats
76 creatures vanquished.

Notes
Turn   | Place    | Note
-------+----------+-------------------------------------------
     0 | D:1      | dracfodder the Gargoyle Berserker began the quest for the
                  | Orb.
     0 | D:1      | Reached XP level 1. HP: 14/14 MP: 1/1
     0 | D:1      | Upgraded the game from 0.29-a0-111-gbaf749a769 to
                  | 0.29-a0-187-ga23d9638d5
   143 | D:1      | Reached XP level 2. HP: 11/19 MP: 2/2
   610 | D:2      | Noticed Natasha
   617 | D:2      | HP: 1/20 [Natasha (5)]
   619 | D:2      | Killed Natasha
   620 | D:2      | Reached XP level 3. HP: 1/24 MP: 3/3
  1048 | D:1      | Reached XP level 4. HP: 29/29 MP: 4/4
  1339 | D:1      | Reached ** piety under Trog
  1564 | D:2      | Noticed Natasha
  1607 | D:2      | Killed Natasha
  1692 | D:2      | Noticed Natasha
  1709 | D:2      | Killed Natasha
  1710 | D:2      | Reached XP level 5. HP: 13/34 MP: 5/5
  2464 | D:3      | Reached skill level 11 in Long Blades
  2464 | D:3      | Reached XP level 6. HP: 39/39 MP: 6/6
  2465 | D:3      | Reached skill level 13 in Long Blades
  2465 | D:3      | Reached XP level 7. HP: 44/44 MP: 7/7
  2471 | D:3      | Noticed Terence
  2478 | D:3      | Killed Terence
  2518 | D:3      | Identified the +1 robe of Generosity {Rampage rCorr Int+3
                  | Dex-5}
  3215 | D:4      | Found a snail-covered altar of Cheibriados.
  3260 | D:4      | Found a runed translucent door.
  3262 | D:4      | Noticed Ijyb
  3263 | D:4      | Noticed SirDiesAlot's ghost (amateur DECj)
  3282 | D:4      | Killed Ijyb
  3322 | D:4      | Noticed Grinder
  3326 | D:4      | Paralysed by Grinder for 2 turns
  3330 | D:4      | Paralysed by Grinder for 7 turns
  3343 | D:4      | Killed Grinder
  3344 | D:4      | Reached XP level 8. HP: 28/48 MP: 8/8
  3536 | D:4      | Noticed Eustachio
  3547 | D:4      | Noticed Menkaure
  3557 | D:4      | Slain by Menkaure

Illustrated notes

Levels and vault maps discovered:
D:1:      co_arrival_two_rings, layout_loops_ring
D:2:      layout_basic, uniq_natasha
D:3:      layout_rooms, nicolae_elevator_lobby_plus, uniq_terence
D:4:      layout_basic, overflow_temple_1_default, ebering_ghost_sewer_f,
          minmay_liquid_box, uniq_eustachio, uniq_ijyb, uniq_grinder,
          uniq_menkaure

Skill      XL: |  1  2  3  4  5  6 |
---------------+-------------------+-----
Polearms       | 3 4 |  4.1
Fighting       | 4 |  4.5
Dodging        | 2 |  2.3
Long Blades    | 11 13 | 13.8
Throwing       | |  0.3
Armour         | |  2.9
Stealth        | |  0.5
Unarmed Combat | |  0.1

Action                   |  1- 3 |  4- 6 |  7- 9 || total
-------------------------+-------+-------+-------++-------
Melee: Spear             |    76 |    51 |       ||   127
       Punch             |       |     1 |       ||     1
       Triple sword      |       |    15 |   120 ||   135
       Unarmed           |       |       |    12 ||    12
Throw: Boomerang         |     2 |     8 |       ||    10
Invok: Berserk           |     1 |       |     3 ||     4
       Trog's Hand       |       |       |     1 ||     1
Evoke: Wand              |       |       |     1 ||     1
  Use: Scroll            |       |     4 |     1 ||     5
       Potion            |       |     2 |     1 ||     3
 Stab: Sleeping          |     1 |       |       ||     1
Armor: Leather armour    |    18 |       |       ||    18
       Animal skin       |     1 |       |       ||     1
       Scale mail        |       |    35 |    76 ||   111
       Skin              |       |       |     2 ||     2
Dodge: Dodged            |    24 |    30 |    82 ||   136

Table legend: (Time is in decaauts)
 A = Elapsed time spent in this place.
 B = Non-inter-level travel time spent in this place.
 C = Inter-level travel time spent in this place.
 D = Time resting spent in this place.
 E = Time spent auto-exploring this place.
 F = Levels seen in this place.
 G = Mean time per level.
                   A        B        C        D        E       F      G
               +--------+--------+--------+--------+--------+-----+--------+
         Total |   3603 |   3469 |    134 |    963 |   1745 |   4 |  900.8 |
       Dungeon |   3603 |   3469 |    134 |    963 |   1745 |   4 |  900.8 |
               +--------+--------+--------+--------+--------+-----+--------+

Top non-repeatable levels by time:
     D:1: 1487 daAuts
     D:2: 966 daAuts
     D:3: 782 daAuts
     D:4: 366 daAuts
